 Dungeon Crawl Stone Soup version bcrawl-1.34.5 (console) character file.

Game seed: 16187292783812857850

180610 GodsVoicemail the Shooter (level 6, 0/48 HPs)
             Began as a Centaur Hunter on Nov 22, 2021.
             Slain by a quasit (1 damage)
             ... summoned by Eustachio
             ... on level 4 of the Dungeon.
             The game lasted 00:10:33 (2941 turns).

GodsVoicemail the Shooter (Centaur Hunter)          Turns: 2941, Time: 00:10:33

Health: 0/48       AC:  6    Str: 17      XL:     6   Next: 19%
Magic:  6/6        EV:  8    Int: 11      God:
Gold:   126        SH:  0    Dex:  4 (11) Spells: 5/5 levels left

rFire    . . .     SeeInvis .     - Fists (8.9)
rCold    . . .     Gourm    .   (no shield)
rNeg     + . .     Faith    .   p - +1 ring mail
rPois    .         Spirit   .   (no helmet)
rElec    .         Reflect  .   (no cloak)
rCorr    .         Harm     .   (no gloves)
MR       .....                  (no barding)
Stlth    ..........             (no amulet)
HPRegen  0.16/turn              f - ring of positive energy
MPRegen  0.10/turn              (no ring)

@: very quick
A: large, hooves 3, deformed body, herbivore, speed 2, tough skin 3
a: no special abilities


You were on level 4 of the Dungeon.
You were not hungry.

You visited 1 branch of the dungeon, and saw 4 of its levels.

You collected 126 gold pieces.

Inventory:

Hand Weapons
 a - a +3 shortbow
 s - a +0 hunting sling
Missiles
 d - 306 arrows
 o - 72 poisoned needles
 r - 650 sling bullets
Armour
 c - a +0 leather armour
 h - a +0 helmet
 p - a +1 ring mail (worn)
Jewellery
 f - a ring of positive energy (left hand)
Scrolls
 b - a scroll of amnesia {unknown}
 i - 3 scrolls of identify
 j - 4 scrolls of teleportation
 m - 3 scrolls of remove curse
Potions
 g - 2 potions of heal wounds {unknown}
 k - a potion of degeneration {unknown}
 l - a potion of magic {unknown}
 n - a potion of curing {unknown}
 q - a potion of berserk rage {unknown}
Comestibles
 e - 2 rations {!d}


   Skills:
 - Level 2.1 Fighting
 * Level 7.9 Bows
 - Level 1.3 Dodging
 - Level 0.5 Stealth
 * Level 4.2 Unarmed Combat


You had 5 spell levels left.
You didn't know any spells.
Your spell library was empty.

Dungeon Overview and Level Annotations

Branches:
Dungeon (4/12)
 Temple: D:4-7

Altars:
Ru
Yredelemnul

Annotations:
D:4 Eustachio


Innate Abilities, Weirdness & Mutations

You have hooves in place of feet.
Armour fits poorly on your strangely shaped body.
You are a herbivore.
You cover ground very quickly.
You have extremely tough skin. (AC +3)


Message History

The quasit bites you but does no damage.
The quasit barely misses you.
The quasit claws you but does no damage.
The rat bites you but does no damage.
You hit Eustachio but do no damage. Your punch misses Eustachio.
Eustachio is almost dead.
The quasit bites you.
* * * LOW HITPOINT WARNING * * *
You feel clumsy. The quasit closely misses you. The quasit barely misses you.
Eustachio hits you with a +0 rapier.
* * * LOW HITPOINT WARNING * * *
The rat bites you.
* * * LOW HITPOINT WARNING * * *
You hit Eustachio but do no damage.
Eustachio is almost dead.
The white imp disappears in a puff of smoke!
The quasit bites you but does no damage.
The quasit claws you.
You die...

#### .oo.@...#
.... #.# ####
#.# #.# #.# #)#
#ยง# #5# ###@##
#r@r.# #.####
##############.#
.........^.....#
################


You could see Eustachio, a quasit and 2 rats.

Vanquished Creatures
  A crimson imp (D:3)
  A jelly (D:4)
  A worker ant (D:4)
  Robin (D:3)
  6 gnolls (D:2)
  3 adders (D:3)
  5 worms
  A dart slug (D:2)
  3 leopard geckos (D:2)
  10 orcs
  7 bats
  7 giant cockroaches
  14 goblins
  11 hobgoblins
  6 jackals
  2 quokkas
  3 ball pythons
  3 frilled lizards
  A jackal skeleton (D:4)
  9 kobolds
  7 rats
102 creatures vanquished.

Notes
Turn   | Place    | Note
-------+----------+-------------------------------------------
     0 | D:1      | GodsVoicemail the Centaur Hunter began the quest for the
                  | Orb.
     0 | D:1      | Reached XP level 1. HP: 17/17 MP: 1/1
   168 | D:1      | Reached skill level 1 in Unarmed Combat
   184 | D:1      | Reached XP level 2. HP: 23/24 MP: 2/2
   750 | D:2      | Reached skill level 6 in Bows
   833 | D:2      | Reached XP level 3. HP: 29/29 MP: 3/3
  1183 | D:2      | Reached XP level 4. HP: 36/36 MP: 4/4
  1788 | D:3      | Reached skill level 7 in Bows
  1788 | D:3      | Reached XP level 5. HP: 41/41 MP: 5/5
  1793 | D:3      | Noticed Robin
  2101 | D:3      | Killed Robin
  2142 | D:3      | Found a sacrificial altar of Ru.
  2509 | D:3      | Found a basalt altar of Yredelemnul.
  2707 | D:4      | Reached XP level 6. HP: 47/48 MP: 6/6
  2883 | D:4      | Noticed Eustachio
  2940 | D:4      | HP: 1/48 [rat[Eustachio] (2)]
  2941 | D:4      | Slain by a quasit

Skill      XL: |  1  2  3  4  5 |
---------------+----------------+-----
Unarmed Combat | 1 2 3 4 |  4.2
Bows           | 6 7 |  7.9
Fighting       | |  2.1
Dodging        | |  1.3
Stealth        | |  0.5

Action                   |  1- 3 |  4- 6 || total
-------------------------+-------+-------++-------
Melee: Short sword       |    82 |    75 ||   157
       Kick              |     9 |    11 ||    20
       Unarmed           |       |    30 ||    30
 Fire: Shortbow          |    39 |   147 ||   186
Throw: Stone             |     3 |       ||     3
  Use: Scroll            |     1 |     5 ||     6
  Eat: Ration            |     1 |     3 ||     4
Armor: Leather armour    |    42 |     5 ||    47
       Ring mail         |       |    79 ||    79
Dodge: Dodged            |    44 |    69 ||   113
